Workbook

Sheet Cover
B24: ESTIMATE
B31: FOR
B38: PROPOSED TWO STOREY REAR EXTENSION
B47: PROJECT: SAMPLE FOR ROOFING
B57: DATE:

Sheet Qual, Excl & Assum
B2: =Cover!B47 -> PROJECT: SAMPLE FOR ROOFING
B3: =Cover!B57 -> DATE:
B6: QUALIFICATIONS, ASSUMPTIONS & EXCLUSIONS:
A8: 1 | B8: Qualifications:-
A10: 1.1 | B10: Prices exclude VAT
A11: =+A10+0.1 -> 1.2 | B11: Pre-start meeting and site investigation will be required before commencement on site
A12: =+A11+0.1 -> 1.3 | B12: Provisional sums and PC Sums mentioned within the estimate are subject to re-measure and re-price
A13: =+A12+0.1 -> 1.4 | B13: Changes to drawings, design or specification which deviate from the information used as stated below may be subject to further cost
A14: =+A13+0.1 -> 1.5 | B14: Site inspections to be carried out, this may cause additions/omissions to the tender documents
A15: =+A14+0.1 -> 1.6 | B15: All quantities are re-measurable and used for indicative purposes only and are subject to re-measure once the project has commenced
A16: =+A15+0.1 -> 1.7 | B16: All M&E is provisional sum (as no detailed design has been provided) and a detailed design will be required in order to finalise costs
A17: =+A16+0.1 -> 1.8 | B17: We have assumed free unfettered access and normal working hours to the site
A18: =+A17+0.1 -> 1.9 | B18: The prices are valid for 8 weeks and we assume that works will commence within 12 weeks from the date of this estimate
A19: 1.1 | B19: No level surveys have been provided so all excavation quantities are provisional
A20: 1.11 | B20: There may be some items where alternative specification is used and these may differ to the specification provided
A21: 1.12 | B21: Any items not mentioned within this estimate have been specifically excluded and will be subject to further costs
A23: 2 | B23: The following items are to be organised and paid for by the client and are excluded from the total cost:
A25: 2.1 | B25: Building insurance
A26: 2.2 | B26: Utility and council tax bills
A27: 2.3 | B27: Party Wall costs and complying with conditions
A28: 2.4 | B28: Building control and costs
A29: 2.5 | B29: Structural engineers' and building regulation details
A30: 2.6 | B30: Specialist surveys
A31: 2.7 | B31: Topographical surveys
A32: 2.8 | B32: CCTV drainage surveys
... A70: 4.16 | B70: A/C

Sheet Documents
B2: =+Cover!B47 -> PROJECT: SAMPLE FOR ROOFING
B3: =+Cover!B57 -> DATE:
B5: INFORMATION USED
B7: The information used in the preparation of this estimate are as listed below:
B9: Document reference:
B11: HR91-02-1001
B12: HR91-02-1002
B13: HR91-02-1003
B14: HR91-02-1004
B15: HR91-02-1005
B16: PHOTOS

Sheet Summary
B2: =+Documents!B2 -> PROJECT: SAMPLE FOR ROOFING
B3: =+Documents!B3 -> DATE:
F4: TOTALS
B5: SUMMARY | F5: LABOUR | G5: MATERIALS | H5: L MARKUP | I5: M MARKUP | K5: Check | L5: {=CheckMissingTabs(B7:B9)} -> #NAME?
B8: Roof | D8: =+Roof!F79 -> 13911.284 | F8: =+Roof!K79 -> 4572.6022 | G8: =+Roof!L79 -> 7524.1667 | H8: =+Roof!M79 -> 685.89033 | I8: =+Roof!N79 -> 1128.625 | K8: =+F8+G8+I8+H8-D8 -> 0
B11: SUB TOTAL | D11: =SUM(D3:D10) -> 13911.284 | F11: =SUM(F6:F9) -> 4572.6022 | G11: =SUM(G6:G10) -> 7524.1667 | H11: =SUM(H6:H10) -> 685.89033 | I11: =SUM(I6:I10) -> 1128.625 | K11: =+F11+G11+I11+H11-D11 -> 0
B13: Preliminaries | D13: =+Preliminaries!F65 -> 0
B15: TOTAL COST (EXCLUDING VAT) | D15: =+D13+D11 -> 13911.284
B17: Anticipated Number of Weeks | C17: =+Preliminaries!J4 -> 0 | D17: Weeks

Sheet Roof
B2: =+'Qual, Excl & Assum'!B2 -> PROJECT: SAMPLE FOR ROOFING
B3: =+'Qual, Excl & Assum'!B3 -> DATE:
B5: Roof | G5: RATES | K5: TOTALS
B7: Description | C7: Quantity | D7: Unit | E7: Rate | F7: Total | G7: Labour | H7: Materials | I7: L Markup | J7: M Markup | K7: Labour | L7: Materials | M7: L Markup | N7: M Markup
N8: =IF(D8=0," ",(J8*C8))
B9: PITCHED ROOF
A11: 1 | B11: Tiles; Roof Tiles To match Existing | C11: 23 | D11: m2 | E11: =G11+H11+J11+I11 -> 63.1925 | F11: =E11*C11 -> 1453.4275 | G11: 22.5 | H11: 32.45 | I11: =IF(D11=0," ",(G11)*(Details!$C$4+Details!$C$8)) -> 3.375 | J11: =IF(D11=0," ",(H11)*(Details!$C$6+Details!$C$8)) -> 4.8675 | K11: =+G11*C11 -> 517.5 | L11: =+H11*C11 -> 746.35 | M11: =IF(D11=0," ",(I11*C11)) -> 77.625 | N11: =IF(D11=0," ",(J11*C11)) -> 111.9525
A12: =IF(F12<>"",(LARGE(A$4:A11,1)+1),"")
A13: =IF(F13<>"",(LARGE(A$4:A12,1)+1),"") -> 2 | B13: Battens; 38mm x 25mm | C13: =+C11 -> 23 | D13: m2 | E13: =G13+H13+J13+I13 -> 19.895 | F13: =E13*C13 -> 457.585 | G13: 7.5 | H13: 9.8 | I13: =IF(D13=0," ",(G13)*(Details!$C$4+Details!$C$8)) -> 1.125 | J13: =IF(D13=0," ",(H13)*(Details!$C$6+Details!$C$8)) -> 1.47 | K13: =+G13*C13 -> 172.5 | L13: =+H13*C13 -> 225.4 | M13: =IF(D13=0," ",(I13*C13)) -> 25.875 | N13: =IF(D13=0," ",(J13*C13)) -> 33.81
A14: =IF(F14<>"",(LARGE(A$4:A13,1)+1),"")
A15: =IF(F15<>"",(LARGE(A$4:A14,1)+1),"") -> 3 | B15: Tyvek Supro Or Similar Beathable Felt | C15: =+C13 -> 23 | D15: m2 | E15: =G15+H15+J15+I15 -> 11.27 | F15: =E15*C15 -> 259.21 | G15: 4 | H15: 5.8 | I15: =IF(D15=0," ",(G15)*(Details!$C$4+Details!$C$8)) -> 0.6 | J15: =IF(D15=0," ",(H15)*(Details!$C$6+Details!$C$8)) -> 0.87 | K15: =+G15*C15 -> 92 | L15: =+H15*C15 -> 133.4 | M15: =IF(D15=0," ",(I15*C15)) -> 13.8 | N15: =IF(D15=0," ",(J15*C15)) -> 20.01
A16: =IF(F16<>"",(LARGE(A$4:A15,1)+1),"")
A17: =IF(F17<>"",(LARGE(A$4:A16,1)+1),"") -> 4 | B17: 100mm Fiberglass Insulation | C17: =+C15 -> 23 | D17: m2 | E17: =G17+H17+J17+I17 -> 15.87 | F17: =E17*C17 -> 365.01 | G17: 6 | H17: 7.8 | I17: =IF(D17=0," ",(G17)*(Details!$C$4+Details!$C$8)) -> 0.9 | J17: =IF(D17=0," ",(H17)*(Details!$C$6+Details!$C$8)) -> 1.17 | K17: =+G17*C17 -> 138 | L17: =+H17*C17 -> 179.4 | M17: =IF(D17=0," ",(I17*C17)) -> 20.7 | N17: =IF(D17=0," ",(J17*C17)) -> 26.91
A18: =IF(F18<>"",(LARGE(A$4:A17,1)+1),"")
A19: =IF(F19<>"",(LARGE(A$4:A18,1)+1),"") -> 5 | B19: 100mm Kingspan Kooltherm K7 Insulation | C19: =+C17 -> 23 | D19: m2 | E19: =G19+H19+J19+I19 -> 15.2375 | F19: =E19*C19 -> 350.4625 | G19: 6 | H19: 7.25 | I19: =IF(D19=0," ",(G19)*(Details!$C$4+Details!$C$8)) -> 0.9 | J19: =IF(D19=0," ",(H19)*(Details!$C$6+Details!$C$8)) -> 1.0875 | K19: =+G19*C19 -> 138 | L19: =+H19*C19 -> 166.75 | M19: =IF(D19=0," ",(I19*C19)) -> 20.7 | N19: =IF(D19=0," ",(J19*C19)) -> 25.0125
A20: =IF(F20<>"",(LARGE(A$4:A19,1)+1),"")
A21: =IF(F21<>"",(LARGE(A$4:A20,1)+1),"") -> 6 | B21: Exterior Grade Plywood Sheathing | C21: 23 | D21: m2 | E21: =G21+H21+J21+I21 -> 23.046 | F21: =E21*C21 -> 530.058 | G21: 7.8 | H21: 12.24 | I21: =IF(D21=0," ",(G21)*(Details!$C$4+Details!$C$8)) -> 1.17 | J21: =IF(D21=0," ",(H21)*(Details!$C$6+Details!$C$8)) -> 1.836 | K21: =+G21*C21 -> 179.4 | L21: =+H21*C21 -> 281.52 | M21: =IF(D21=0," ",(I21*C21)) -> 26.91 | N21: =IF(D21=0," ",(J21*C21)) -> 42.228
A22: =IF(F22<>"",(LARGE(A$4:A21,1)+1),"")
A23: =IF(F23<>"",(LARGE(A$4:A22,1)+1),"") -> 7 | B23: 150X50mm @ 400 centre ceiling joists | C23: 23 | D23: m2 | E23: =G23+H23+J23+I23 -> 61.295 | F23: =E23*C23 -> 1409.785 | G23: 18.8 | H23: 34.5 | I23: =IF(D23=0," ",(G23)*(Details!$C$4+Details!$C$8)) -> 2.82 | J23: =IF(D23=0," ",(H23)*(Details!$C$6+Details!$C$8)) -> 5.175 | K23: =+G23*C23 -> 432.4 | L23: =+H23*C23 -> 793.5 | M23: =IF(D23=0," ",(I23*C23)) -> 64.86 | N23: =IF(D23=0," ",(J23*C23)) -> 119.025
A24: =IF(F24<>"",(LARGE(A$4:A23,1)+1),"")
A25: =IF(F25<>"",(LARGE(A$4:A24,1)+1),"") -> 8 | B25: 125X50mm @ 400 Centre Rafters | C25: 23 | D25: m2 | E25: =G25+H25+J25+I25 -> 55.2 | F25: =E25*C25 -> 1269.6 | G25: 17.2 | H25: 30.8 | I25: =IF(D25=0," ",(G25)*(Details!$C$4+Details!$C$8)) -> 2.58 | J25: =IF(D25=0," ",(H25)*(Details!$C$6+Details!$C$8)) -> 4.62 | K25: =+G25*C25 -> 395.6 | L25: =+H25*C25 -> 708.4 | M25: =IF(D25=0," ",(I25*C25)) -> 59.34 | N25: =IF(D25=0," ",(J25*C25)) -> 106.26
A26: =IF(F26<>"",(LARGE(A$4:A25,1)+1),"")
A27: =IF(F27<>"",(LARGE(A$4:A26,1)+1),"") -> 9 | B27: 100X150mm Purlins | C27: =23/1.2 -> 19.166667 | D27: m | E27: =G27+H27+J27+I27 -> 14.72 | F27: =E27*C27 -> 282.13333 | G27: 5 | H27: 7.8 | I27: =IF(D27=0," ",(G27)*(Details!$C$4+Details!$C$8)) -> 0.75 | J27: =IF(D27=0," ",(H27)*(Details!$C$6+Details!$C$8)) -> 1.17 | K27: =+G27*C27 -> 95.833333 | L27: =+H27*C27 -> 149.5 | M27: =IF(D27=0," ",(I27*C27)) -> 14.375 | N27: =IF(D27=0," ",(J27*C27)) -> 22.425
A29: =IF(F29<>"",(LARGE(A$4:A26,1)+1),"") -> 9 | B29: 32X6mm Mild Steel Straps W/ Noggins | C29: =23/1.8 -> 12.777778 | D29: m | E29: =G29+H29+J29+I29 -> 14.72 | F29: =E29*C29 -> 188.08889 | G29: 5 | H29: 7.8 | I29: =IF(D29=0," ",(G29)*(Details!$C$4+Details!$C$8)) -> 0.75 | J29: =IF(D29=0," ",(H29)*(Details!$C$6+Details!$C$8)) -> 1.17 | K29: =+G29*C29 -> 63.888889 | L29: =+H29*C29 -> 99.666667 | M29: =IF(D29=0," ",(I29*C29)) -> 9.5833333 | N29: =IF(D29=0," ",(J29*C29)) -> 14.95
A30: =IF(F30<>"",(LARGE(A$4:A29,1)+1),"")
A31: =IF(F31<>"",(LARGE(A$4:A30,1)+1),"") | B31: FLAT ROOF
A32: =IF(F32<>"",(LARGE(A$4:A31,1)+1),"")
A33: =IF(F33<>"",(LARGE(A$4:A32,1)+1),"") -> 10 | B33: 13mm Thick Layer Of Mineral Chipping Bedded In Hot Bitumen | C33: 11 | D33: m2 | E33: =G33+H33+J33+I33 -> 128.2825 | F33: =E33*C33 -> 1411.1075 | G33: 33 | H33: 78.55 | I33: =IF(D33=0," ",(G33)*(Details!$C$4+Details!$C$8)) -> 4.95 | J33: =IF(D33=0," ",(H33)*(Details!$C$6+Details!$C$8)) -> 11.7825 | K33: =+G33*C33 -> 363 | L33: =+H33*C33 -> 864.05 | M33: =IF(D33=0," ",(I33*C33)) -> 54.45 | N33: =IF(D33=0," ",(J33*C33)) -> 129.6075
A34: =IF(F34<>"",(LARGE(A$4:A33,1)+1),"")
A35: =IF(F35<>"",(LARGE(A$4:A34,1)+1),"") -> 11 | B35: 3 Layers Built Up Roofing Felt | C35: =+C33 -> 11 | D35: m2 | E35: =G35+H35+J35+I35 -> 18.745 | F35: =E35*C35 -> 206.195 | G35: 6.5 | H35: 9.8 | I35: =IF(D35=0," ",(G35)*(Details!$C$4+Details!$C$8)) -> 0.975 | J35: =IF(D35=0," ",(H35)*(Details!$C$6+Details!$C$8)) -> 1.47 | K35: =+G35*C35 -> 71.5 | L35: =+H35*C35 -> 107.8 | M35: =IF(D35=0," ",(I35*C35)) -> 10.725 | N35: =IF(D35=0," ",(J35*C35)) -> 16.17
A36: =IF(F36<>"",(LARGE(A$4:A35,1)+1),"")
A37: =IF(F37<>"",(LARGE(A$4:A36,1)+1),"") -> 12 | B37: 1 Layer of Perforated Felt | C37: =+C35 -> 11 | D37: m2 | E37: =G37+H37+J37+I37 -> 10.81 | F37: =E37*C37 -> 118.91 | G37: 4 | H37: 5.4 | I37: =IF(D37=0," ",(G37)*(Details!$C$4+Details!$C$8)) -> 0.6 | J37: =IF(D37=0," ",(H37)*(Details!$C$6+Details!$C$8)) -> 0.81 | K37: =+G37*C37 -> 44 | L37: =+H37*C37 -> 59.4 | M37: =IF(D37=0," ",(I37*C37)) -> 6.6 | N37: =IF(D37=0," ",(J37*C37)) -> 8.91
A39: =IF(F39<>"",(LARGE(A$4:A38,1)+1),"") -> 13 | B39: 150mm Thick Kingspan Thermaroof TR27 Insulative Roof Cladding | C39: =+C37 -> 11 | D39: m2 | E39: =G39+H39+J39+I39 -> 22.77 | F39: =E39*C39 -> 250.47 | G39: 8 | H39: 11.8 | I39: =IF(D39=0," ",(G39)*(Details!$C$4+Details!$C$8)) -> 1.2 | J39: =IF(D39=0," ",(H39)*(Details!$C$6+Details!$C$8)) -> 1.77 | K39: =+G39*C39 -> 88 | L39: =+H39*C39 -> 129.8 | M39: =IF(D39=0," ",(I39*C39)) -> 13.2 | N39: =IF(D39=0," ",(J39*C39)) -> 19.47
A41: =IF(F41<>"",(LARGE(A$4:A36,1)+1),"") -> 12 | B41: Firrings | C41: =+C35 -> 11 | D41: m2 | E41: =G41+H41+J41+I41 -> 50.945 | F41: =E41*C41 -> 560.395 | G41: 16.5 | H41: 27.8 | I41: =IF(D41=0," ",(G41)*(Details!$C$4+Details!$C$8)) -> 2.475 | J41: =IF(D41=0," ",(H41)*(Details!$C$6+Details!$C$8)) -> 4.17 | K41: =+G41*C41 -> 181.5 | L41: =+H41*C41 -> 305.8 | M41: =IF(D41=0," ",(I41*C41)) -> 27.225 | N41: =IF(D41=0," ",(J41*C41)) -> 45.87
A42: =IF(F42<>"",(LARGE(A$4:A41,1)+1),"")
A43: =IF(F43<>"",(LARGE(A$4:A42,1)+1),"") -> 14 | B43: 150X50mm Joists @ 400mm Centre | C43: 11 | D43: m2 | E43: =G43+H43+J43+I43 -> 61.295 | F43: =E43*C43 -> 674.245 | G43: 18.8 | H43: 34.5 | I43: =IF(D43=0," ",(G43)*(Details!$C$4+Details!$C$8)) -> 2.82 | J43: =IF(D43=0," ",(H43)*(Details!$C$6+Details!$C$8)) -> 5.175 | K43: =+G43*C43 -> 206.8 | L43: =+H43*C43 -> 379.5 | M43: =IF(D43=0," ",(I43*C43)) -> 31.02 | N43: =IF(D43=0," ",(J43*C43)) -> 56.925
A44: =IF(F44<>"",(LARGE(A$4:A43,1)+1),"")
A45: =IF(F45<>"",(LARGE(A$4:A44,1)+1),"") -> 15 | B45: 18mm Plywood Decking | C45: 11 | D45: m2 | E45: =G45+H45+J45+I45 -> 32.89 | F45: =E45*C45 -> 361.79 | G45: 10.8 | H45: 17.8 | I45: =IF(D45=0," ",(G45)*(Details!$C$4+Details!$C$8)) -> 1.62 | J45: =IF(D45=0," ",(H45)*(Details!$C$6+Details!$C$8)) -> 2.67 | K45: =+G45*C45 -> 118.8 | L45: =+H45*C45 -> 195.8 | M45: =IF(D45=0," ",(I45*C45)) -> 17.82 | N45: =IF(D45=0," ",(J45*C45)) -> 29.37
A46: =IF(F46<>"",(LARGE(A$4:A45,1)+1),"")
A47: =IF(F47<>"",(LARGE(A$4:A46,1)+1),"") -> 16 | B47: Vapor Layer | C47: =+C45 -> 11 | D47: m2 | E47: =G47+H47+J47+I47 -> 13.57 | F47: =E47*C47 -> 149.27 | G47: 5 | H47: 6.8 | I47: =IF(D47=0," ",(G47)*(Details!$C$4+Details!$C$8)) -> 0.75 | J47: =IF(D47=0," ",(H47)*(Details!$C$6+Details!$C$8)) -> 1.02 | K47: =+G47*C47 -> 55 | L47: =+H47*C47 -> 74.8 | M47: =IF(D47=0," ",(I47*C47)) -> 8.25 | N47: =IF(D47=0," ",(J47*C47)) -> 11.22
A48: =IF(F48<>"",(LARGE(A$4:A47,1)+1),"")
A49: =IF(F49<>"",(LARGE(A$4:A48,1)+1),"") -> 17 | B49: Solid Noggins | C49: 6 | D49: m | E49: =G49+H49+J49+I49 -> 8.51 | F49: =E49*C49 -> 51.06 | G49: 3 | H49: 4.4 | I49: =IF(D49=0," ",(G49)*(Details!$C$4+Details!$C$8)) -> 0.45 | J49: =IF(D49=0," ",(H49)*(Details!$C$6+Details!$C$8)) -> 0.66 | K49: =+G49*C49 -> 18 | L49: =+H49*C49 -> 26.4 | M49: =IF(D49=0," ",(I49*C49)) -> 2.7 | N49: =IF(D49=0," ",(J49*C49)) -> 3.96
A51: =IF(F51<>"",(LARGE(A$4:A50,1)+1),"") -> 18 | B51: Trimmer | C51: 11 | D51: m | E51: =G51+H51+J51+I51 -> 13.7425 | F51: =E51*C51 -> 151.1675 | G51: 5 | H51: 6.95 | I51: =IF(D51=0," ",(G51)*(Details!$C$4+Details!$C$8)) -> 0.75 | J51: =IF(D51=0," ",(H51)*(Details!$C$6+Details!$C$8)) -> 1.0425 | K51: =+G51*C51 -> 55 | L51: =+H51*C51 -> 76.45 | M51: =IF(D51=0," ",(I51*C51)) -> 8.25 | N51: =IF(D51=0," ",(J51*C51)) -> 11.4675
A53: =IF(F53<>"",(LARGE(A$4:A48,1)+1),"") | B53: ROOF SUNDRIES
A54: =IF(F54<>"",(LARGE(A$4:A53,1)+1),"")
A55: =IF(F55<>"",(LARGE(A$4:A54,1)+1),"") -> 19 | B55: Wall plate; 100mm x 50mm | C55: 19.2 | D55: m | E55: =G55+H55+J55+I55 -> 32.43 | F55: =E55*C55 -> 622.656 | G55: 10.4 | H55: 17.8 | I55: =IF(D55=0," ",(G55)*(Details!$C$4+Details!$C$8)) -> 1.56 | J55: =IF(D55=0," ",(H55)*(Details!$C$6+Details!$C$8)) -> 2.67 | K55: =+G55*C55 -> 199.68 | L55: =+H55*C55 -> 341.76 | M55: =IF(D55=0," ",(I55*C55)) -> 29.952 | N55: =IF(D55=0," ",(J55*C55)) -> 51.264
A56: =IF(F56<>"",(LARGE(A$4:A55,1)+1),"")
A57: =IF(F57<>"",(LARGE(A$4:A56,1)+1),"") -> 20 | B57: Ridge | C57: 8 | D57: m | E57: =G57+H57+J57+I57 -> 24.61 | F57: =E57*C57 -> 196.88 | G57: 8 | H57: 13.4 | I57: =IF(D57=0," ",(G57)*(Details!$C$4+Details!$C$8)) -> 1.2 | J57: =IF(D57=0," ",(H57)*(Details!$C$6+Details!$C$8)) -> 2.01 | K57: =+G57*C57 -> 64 | L57: =+H57*C57 -> 107.2 | M57: =IF(D57=0," ",(I57*C57)) -> 9.6 | N57: =IF(D57=0," ",(J57*C57)) -> 16.08
A58: =IF(F58<>"",(LARGE(A$4:A57,1)+1),"")
A59: =IF(F59<>"",(LARGE(A$4:A58,1)+1),"") -> 21 | B59: Valley | C59: 6 | D59: m | E59: =G59+H59+J59+I59 -> 25.07 | F59: =E59*C59 -> 150.42 | G59: 8 | H59: 13.8 | I59: =IF(D59=0," ",(G59)*(Details!$C$4+Details!$C$8)) -> 1.2 | J59: =IF(D59=0," ",(H59)*(Details!$C$6+Details!$C$8)) -> 2.07 | K59: =+G59*C59 -> 48 | L59: =+H59*C59 -> 82.8 | M59: =IF(D59=0," ",(I59*C59)) -> 7.2 | N59: =IF(D59=0," ",(J59*C59)) -> 12.42
A60: =IF(F60<>"",(LARGE(A$4:A59,1)+1),"")
A61: =IF(F61<>"",(LARGE(A$4:A60,1)+1),"") -> 22 | B61: Hips | C61: 15 | D61: m | E61: =G61+H61+J61+I61 -> 24.38 | F61: =E61*C61 -> 365.7 | G61: 8 | H61: 13.2 | I61: =IF(D61=0," ",(G61)*(Details!$C$4+Details!$C$8)) -> 1.2 | J61: =IF(D61=0," ",(H61)*(Details!$C$6+Details!$C$8)) -> 1.98 | K61: =+G61*C61 -> 120 | L61: =+H61*C61 -> 198 | M61: =IF(D61=0," ",(I61*C61)) -> 18 | N61: =IF(D61=0," ",(J61*C61)) -> 29.7
A62: =IF(F62<>"",(LARGE(A$4:A61,1)+1),"")
A63: =IF(F63<>"",(LARGE(A$4:A62,1)+1),"") | B63: SOFFITS AND FASCIAS - UPVC
A64: =IF(F64<>"",(LARGE(A$4:A63,1)+1),"")
A65: =IF(F65<>"",(LARGE(A$4:A64,1)+1),"") -> 23 | B65: Soffit | C65: 18 | D65: m | E65: =G65+H65+J65+I65 -> 33.58 | F65: =E65*C65 -> 604.44 | G65: 11.4 | H65: 17.8 | I65: =IF(D65=0," ",(G65)*(Details!$C$4+Details!$C$8)) -> 1.71 | J65: =IF(D65=0," ",(H65)*(Details!$C$6+Details!$C$8)) -> 2.67 | K65: =+G65*C65 -> 205.2 | L65: =+H65*C65 -> 320.4 | M65: =IF(D65=0," ",(I65*C65)) -> 30.78 | N65: =IF(D65=0," ",(J65*C65)) -> 48.06
A66: =IF(F66<>"",(LARGE(A$4:A65,1)+1),"") | I66: =IF(D66=0," ",(G66)*(Details!$C$4+Details!$C$8)) | J66: =IF(D66=0," ",(H66)*(Details!$C$6+Details!$C$8))
A67: =IF(F67<>"",(LARGE(A$4:A66,1)+1),"") -> 24 | B67: Fascia | C67: 18 | D67: m | E67: =G67+H67+J67+I67 -> 22.31 | F67: =E67*C67 -> 401.58 | G67: 8 | H67: 11.4 | I67: =IF(D67=0," ",(G67)*(Details!$C$4+Details!$C$8)) -> 1.2 | J67: =IF(D67=0," ",(H67)*(Details!$C$6+Details!$C$8)) -> 1.71 | K67: =+G67*C67 -> 144 | L67: =+H67*C67 -> 205.2 | M67: =IF(D67=0," ",(I67*C67)) -> 21.6 | N67: =IF(D67=0," ",(J67*C67)) -> 30.78
A68: =IF(F68<>"",(LARGE(A$4:A67,1)+1),"") | I68: =IF(D68=0," ",(G68)*(Details!$C$4+Details!$C$8)) | J68: =IF(D68=0," ",(H68)*(Details!$C$6+Details!$C$8))
A69: =IF(F69<>"",(LARGE(A$4:A68,1)+1),"") | B69: RAINWATER GOODS - UPVC | I69: =IF(D69=0," ",(G69)*(Details!$C$4+Details!$C$8)) | J69: =IF(D69=0," ",(H69)*(Details!$C$6+Details!$C$8))
A70: =IF(F70<>"",(LARGE(A$4:A69,1)+1),"") | I70: =IF(D70=0," ",(G70)*(Details!$C$4+Details!$C$8)) | J70: =IF(D70=0," ",(H70)*(Details!$C$6+Details!$C$8))
A71: =IF(F71<>"",(LARGE(A$4:A70,1)+1),"") -> 25 | B71: 100m UPVC Half Round Gutters | C71: 14 | D71: m | E71: =G71+H71+J71+I71 -> 42.78 | F71: =E71*C71 -> 598.92 | G71: 14.8 | H71: 22.4 | I71: =IF(D71=0," ",(G71)*(Details!$C$4+Details!$C$8)) -> 2.22 | J71: =IF(D71=0," ",(H71)*(Details!$C$6+Details!$C$8)) -> 3.36 | K71: =+G71*C71 -> 207.2 | L71: =+H71*C71 -> 313.6 | M71: =IF(D71=0," ",(I71*C71)) -> 31.08 | N71: =IF(D71=0," ",(J71*C71)) -> 47.04
A72: =IF(F72<>"",(LARGE(A$4:A71,1)+1),"") | I72: =IF(D72=0," ",(G72)*(Details!$C$4+Details!$C$8)) | J72: =IF(D72=0," ",(H72)*(Details!$C$6+Details!$C$8)) | N72: =IF(D72=0," ",(J72*C72))
A73: =IF(F73<>"",(LARGE(A$4:A72,1)+1),"") -> 26 | B73: 63mm UPVC New Rain Water Pipe | C73: 10 | D73: m | E73: =G73+H73+J73+I73 -> 30.015 | F73: =E73*C73 -> 300.15 | G73: 9.6 | H73: 16.5 | I73: =IF(D73=0," ",(G73)*(Details!$C$4+Details!$C$8)) -> 1.44 | J73: =IF(D73=0," ",(H73)*(Details!$C$6+Details!$C$8)) -> 2.475 | K73: =+G73*C73 -> 96 | L73: =+H73*C73 -> 165 | M73: =IF(D73=0," ",(I73*C73)) -> 14.4 | N73: =IF(D73=0," ",(J73*C73)) -> 24.75
A74: =IF(F74<>"",(LARGE(A$4:A73,1)+1),"") | I74: =IF(D74=0," ",(G74)*(Details!$C$4+Details!$C$8)) | J74: =IF(D74=0," ",(H74)*(Details!$C$6+Details!$C$8)) | N74: =IF(D74=0," ",(J74*C74))
A75: =IF(F75<>"",(LARGE(A$4:A74,1)+1),"") | B75: LEAD FLASHING | I75: =IF(D75=0," ",(G75)*(Details!$C$4+Details!$C$8)) | J75: =IF(D75=0," ",(H75)*(Details!$C$6+Details!$C$8)) | N75: =IF(D75=0," ",(J75*C75))
A76: =IF(F76<>"",(LARGE(A$4:A75,1)+1),"") | I76: =IF(D76=0," ",(G76)*(Details!$C$4+Details!$C$8)) | J76: =IF(D76=0," ",(H76)*(Details!$C$6+Details!$C$8)) | N76: =IF(D76=0," ",(J76*C76))
A77: =IF(F77<>"",(LARGE(A$4:A76,1)+1),"") -> 27 | B77: Lead flashing | C77: 20.6 | D77: m | E77: =G77+H77+J77+I77 -> 8.28 | F77: =E77*C77 -> 170.568 | G77: 3 | H77: 4.2 | I77: =IF(D77=0," ",(G77)*(Details!$C$4+Details!$C$8)) -> 0.45 | J77: =IF(D77=0," ",(H77)*(Details!$C$6+Details!$C$8)) -> 0.63 | K77: =+G77*C77 -> 61.8 | L77: =+H77*C77 -> 86.52 | M77: =IF(D77=0," ",(I77*C77)) -> 9.27 | N77: =IF(D77=0," ",(J77*C77)) -> 12.978
A78: =IF(F78<>"",(LARGE(A$7:A77,1)+1),"") | I78: =IF(D78=0," ",(G78)*(Details!$C$4+Details!$C$8)) | J78: =IF(D78=0," ",(H78)*(Details!$C$6+Details!$C$8)) | P78: Check
E79: Sub Total | F79: =SUM(F1:F78) -> 13911.284 | J79: =IF(D79=0," ",(G79+H79)*(Details!$C$4+Details!$C$6)) | K79: =SUM(K5:K78) -> 4572.6022 | L79: =SUM(L5:L78) -> 7524.1667 | M79: =SUM(M5:M78) -> 685.89033 | N79: =SUM(N5:N78) -> 1128.625 | P79: =+F79-K79-L79-N79-M79 -> 1.7053026e-12
A80: =IF(F80<>"",(LARGE(A$7:A79,1)+1),"") | J80: =IF(D80=0," ",(G80+H80)*(Details!$C$4+Details!$C$6))

Sheet Preliminaries
B2: =+'Qual, Excl & Assum'!B2 -> PROJECT: SAMPLE FOR ROOFING
B3: =+'Qual, Excl & Assum'!B3 -> DATE:
B5: Preliminaries
K6: 1
B7: Description | C7: Quantity | D7: Unit | E7: Rate | F7: Total | G7: Plant | H7: Markup
A9: 1 | B9: Site setup | C9: 1 | D9: Item | E9: 0 | F9: =E9*C9 -> 0 | H9: =IF(D9=0," ",(G9)*(Details!$C$4+Details!$C$8)) -> 0
A11: =IF(F11<>"",(LARGE(A$7:A10,1)+1),"") -> 2 | B11: Rubbish removal; skips | C11: 1 | D11: no. | E11: 0 | F11: =+E11*C11 -> 0 | H11: =IF(D11=0," ",(G11)*(Details!$C$4+Details!$C$8)) -> 0
A12: =IF(F12<>"",(LARGE(A$7:A11,1)+1),"")
A13: =IF(F13<>"",(LARGE(A$7:A12,1)+1),"") -> 3 | B13: Scaffolding and safe stands | C13: 1 | D13: item | E13: 0 | F13: =E13*C13 -> 0 | H13: =IF(D13=0," ",(G13)*(Details!$C$4+Details!$C$8)) -> 0
A14: =IF(F14<>"",(LARGE(A$7:A13,1)+1),"")
A15: =IF(F15<>"",(LARGE(A$7:A14,1)+1),"") -> 4 | B15: Welfare facilities | C15: 1 | D15: item | E15: 0 | F15: =E15*C15 -> 0 | H15: =IF(D15=0," ",(G15)*(Details!$C$4+Details!$C$8)) -> 0
A16: =IF(F16<>"",(LARGE(A$7:A15,1)+1),"")
A17: =IF(F17<>"",(LARGE(A$7:A16,1)+1),"") -> 5 | B17: Small plant and tools | C17: 1 | D17: item | E17: 0 | F17: =E17*C17 -> 0 | H17: =IF(D17=0," ",(G17)*(Details!$C$4+Details!$C$8)) -> 0
A18: =IF(F18<>"",(LARGE(A$7:A17,1)+1),"")
A19: =IF(F19<>"",(LARGE(A$7:A18,1)+1),"") -> 6 | B19: Protection | C19: 1 | D19: item | E19: 0 | F19: =E19*C19 -> 0 | H19: =IF(D19=0," ",(G19)*(Details!$C$4+Details!$C$8)) -> 0
A20: =IF(F20<>"",(LARGE(A$7:A19,1)+1),"")
A21: =IF(F21<>"",(LARGE(A$7:A20,1)+1),"") -> 7 | B21: Temporary supplies | C21: 1 | D21: item | E21: 0 | F21: =E21*C21 -> 0 | H21: =IF(D21=0," ",(G21)*(Details!$C$4+Details!$C$8)) -> 0
A22: =IF(F22<>"",(LARGE(A$7:A21,1)+1),"")
A23: =IF(F23<>"",(LARGE(A$7:A22,1)+1),"") -> 8 | B23: Lifting and propping | C23: 1 | D23: item | E23: 0 | F23: =E23*C23 -> 0 | H23: =IF(D23=0," ",(G23)*(Details!$C$4+Details!$C$8)) -> 0
A24: =IF(F24<>"",(LARGE(A$7:A23,1)+1),"")
A25: =IF(F25<>"",(LARGE(A$7:A24,1)+1),"") -> 9 | B25: Cleaning (no allowance for sparkle clean) | C25: 1 | D25: item | E25: 0 | F25: =E25*C25 -> 0 | H25: =IF(D25=0," ",(G25)*(Details!$C$4+Details!$C$8)) -> 0
A26: =IF(F26<>"",(LARGE(A$7:A25,1)+1),"")
A27: =IF(F27<>"",(LARGE(A$7:A26,1)+1),"") -> 10 | B27: Health & safety | C27: 1 | D27: item | E27: 0 | F27: =E27*C27 -> 0 | H27: =IF(D27=0," ",(G27)*(Details!$C$4+Details!$C$8)) -> 0
A28: =IF(F28<>"",(LARGE(A$7:A27,1)+1),"")
A29: =IF(F29<>"",(LARGE(A$7:A28,1)+1),"") -> 11 | B29: Insurance | C29: 1 | D29: item | E29: 0 | F29: =E29*C29 -> 0 | H29: =IF(D29=0," ",(G29)*(Details!$C$4+Details!$C$8)) -> 0
A30: =IF(F30<>"",(LARGE(A$7:A29,1)+1),"")
A31: =IF(F31<>"",(LARGE(A$7:A30,1)+1),"") -> 12 | B31: Site accommodation | C31: 1 | D31: item | E31: 0 | F31: =E31*C31 -> 0 | H31: =IF(D31=0," ",(G31)*(Details!$C$4+Details!$C$8)) -> 0
H32: =IF(D32=0," ",(G32)*(Details!$C$4+Details!$C$6))
A33: =IF(F33<>"",(LARGE(A$7:A32,1)+1),"") -> 13 | B33: Management | C33: 1 | D33: item | E33: 0 | F33: =E33*C33 -> 0 | H33: =IF(D33=0," ",(G33)*(Details!$C$4+Details!$C$8)) -> 0
A34: =IF(F34<>"",(LARGE(A$7:A33,1)+1),"") | H34: =IF(D34=0," ",(G34)*(Details!$C$4+Details!$C$6))
A35: =IF(F35<>"",(LARGE(A$7:A34,1)+1),"") | H35: =IF(D35=0," ",(G35)*(Details!$C$4+Details!$C$6))
A36: =IF(F36<>"",(LARGE(A$7:A35,1)+1),"") | H36: =IF(D36=0," ",(G36)*(Details!$C$4+Details!$C$6))
A37: =IF(F37<>"",(LARGE(A$7:A36,1)+1),"") | H37: =IF(D37=0," ",(G37)*(Details!$C$4+Details!$C$6))
A38: =IF(F38<>"",(LARGE(A$7:A37,1)+1),"") | H38: =IF(D38=0," ",(G38)*(Details!$C$4+Details!$C$6))
A39: =IF(F39<>"",(LARGE(A$7:A38,1)+1),"") | H39: =IF(D39=0," ",(G39)*(Details!$C$4+Details!$C$6))
A40: =IF(F40<>"",(LARGE(A$7:A39,1)+1),"") | H40: =IF(D40=0," ",(G40)*(Details!$C$4+Details!$C$6))
A41: =IF(F41<>"",(LARGE(A$7:A40,1)+1),"") | H41: =IF(D41=0," ",(G41)*(Details!$C$4+Details!$C$6))
A42: =IF(F42<>"",(LARGE(A$7:A41,1)+1),"") | H42: =IF(D42=0," ",(G42)*(Details!$C$4+Details!$C$6))
A43: =IF(F43<>"",(LARGE(A$7:A42,1)+1),"") | H43: =IF(D43=0," ",(G43)*(Details!$C$4+Details!$C$6))
A44: =IF(F44<>"",(LARGE(A$7:A43,1)+1),"") | H44: =IF(D44=0," ",(G44)*(Details!$C$4+Details!$C$6))
A45: =IF(F45<>"",(LARGE(A$7:A44,1)+1),"") | H45: =IF(D45=0," ",(G45)*(Details!$C$4+Details!$C$6))
... A63: =IF(F63<>"",(LARGE(A$7:A62,1)+1),"") | H63: =IF(D63=0," ",(G63)*(Details!$C$4+Details!$C$6))
A64: =IF(F64<>"",(LARGE(A$7:A63,1)+1),"") | H64: =IF(D64=0," ",(G64)*(Details!$C$4))
A65: =IF(D65=0," ",(LARGE(A$9:A64,1)+1)) | E65: Sub Total | F65: =SUM(F1:F64) -> 0

Sheet Details
B2: MARKUP | J2: Total Inc Prelims | K2: =+Summary!D15 -> 13911.284
B4: Contractors Markup - Labour | C4: 0.1 | D4: =+C4+1 -> 1.1 | J4: Calculation Total | K4: =+(Summary!F11+Summary!G11)*1.1 -> 13306.446
M5: =CEILING((K4/K27),4) -> 4 | N5: Weeks
B6: Contractors Markup - Materials | C6: 0.1 | D6: =+C6+1 -> 1.1
J7: Range 1 | K7: 0 | L7: =IF(AND($K$4>=K7,$K$4<=K8),N7,O7) -> Yes | M7: 5000 | N7: Yes | O7: No
B8: Contractors Overheads | C8: 0.05 | D8: =+C8+1 -> 1.05 | K8: 50000
J9: Range 2 | K9: =K8 -> 50000 | L9: =IF(AND($K$4>=K9,$K$4<=K10),N9,O9) -> No | M9: 9000 | N9: Yes | O9: No
K10: 150000
J11: Range 3 | K11: =K10 -> 150000 | L11: =IF(AND($K$4>=K11,$K$4<=K12),N11,O11) -> No | M11: 10000 | N11: Yes | O11: No
K12: 350000
J13: Range 4 | K13: =K12 -> 350000 | L13: =IF(AND($K$4>=K13,$K$4<=K14),N13,O13) -> No | M13: 12500 | N13: Yes | O13: No
B14: Trades - Day Rates | C14: Client Day Rate £ | K14: 500000
B15: Groundworker | C15: 0 | J15: Range 5 | K15: =K14 -> 500000 | L15: =IF(AND($K$4>=K15,$K$4<=K16),N15,O15) -> No | M15: 14000 | N15: Yes | O15: No
B16: Bricklayer | C16: 300 | K16: 750000
B17: Roofer | C17: 0 | J17: Range 6 | K17: 750000 | L17: =IF(AND($K$4>=K17,$K$4<=K18),N17,O17) -> No | M17: 15500 | N17: Yes | O17: No
B18: Tiler | C18: 300 | K18: 1000000
B19: Carpenter | C19: 300 | J19: Range 7 | K19: =K18 -> 1000000 | L19: =IF(AND($K$4>=K19,$K$4<=K20),N19,O19) -> No | M19: 16750 | N19: Yes | O19: No
B20: Plasterer | C20: 0 | K20: 1250000
B21: General Trade | C21: 250 | J21: Range 8 | K21: =K20 -> 1250000 | L21: =IF(AND($K$4>=K21,$K$4<=K22),N21,O21) -> No | M21: 19000 | N21: Yes | O21: No
B22: Labourer | C22: 200 | K22: 1500000
B23: Decorator | C23: 0 | J23: Range 9 | K23: =K22 -> 1500000 | L23: =IF(AND($K$4>=K23,$K$4<=K24),N23,O23) -> No | M23: 20500 | N23: Yes | O23: No
B24: Plumber | C24: 0 | K24: 2000000
B25: Electrician | C25: 0 | J25: Range 10 - Over | K25: =K24 -> 2000000 | L25: =IF(AND($K$4>=K25,$K$4<=K26),N25,O25) -> No | M25: 27500 | N25: Yes | O25: No
K26: 500000000
J27: Calculation | K27: =IF(L7="Yes",M7)+IF(L9="Yes",M9)+IF(L11="Yes",M11)+IF(L13="Yes",M13)+IF(L15="Yes",M15)+IF(L17="Yes",M17)+IF(L19="Yes",M19)+IF(L21="Yes",M21)+IF(L23="Yes",M23) -> 5000
M29: Factor
M30: =+C15/250+IF(C15=0,1) -> 1
M31: =+C16/250+IF(C16=0,1) -> 1.2
M32: =+C17/250+IF(C17=0,1) -> 1
M33: =+C18/250+IF(C18=0,1) -> 1.2
M34: =+C19/250+IF(C19=0,1) -> 1.2
M35: =+C20/250+IF(C20=0,1) -> 1
M36: =+C21/220+IF(C21=0,1) -> 1.1363636
M37: =+C22/150+IF(C22=0,1) -> 1.3333333
M38: =+C23/220+IF(C23=0,1) -> 1
M39: =+C24/400+IF(C24=0,1) -> 1
M40: =+C25/400+IF(C25=0,1) -> 1
